 Dungeon Crawl Stone Soup version 0.27.1-1-g398f81649c (webtiles) character file.

Game seed: 18183600092412069287

3813 Naeght the Spear-Bearer (level 10, 0/77 HPs)
             Began as a Merfolk Gladiator on Sept 17, 2021.
             Was a Follower of Okawaru.
             Slain by a wolf (2 damage)
             ... led by Grum
             ... on level 7 of the Dungeon.
             The game lasted 00:14:50 (9590 turns).

Naeght the Spear-Bearer (Merfolk Gladiator)         Turns: 9590, Time: 00:14:51

Health: 0/77       AC: 11    Str: 17    XL:     10   Next: 17%
Magic:  3/3        EV: 19    Int:  9    God:    Okawaru [*.....]
Gold:   357        SH:  0    Dex: 17    Spells: 9/9 levels left

rFire    . . .     SeeInvis .   x - +2 trident (antimagic)
rCold    + . .     Faith    .   (no shield)
rNeg     . . .     Spirit   .   B - +0 ring mail of Aptyl {+Blink Fly rPois Dex+2}
rPois    +         Reflect  .   c - +0 helmet
rElec    .         Harm     .   b - +2 cloak {rCorr}
rCorr    +         Rampage  .   (no gloves)
Will     .....                  D - +0 pair of boots
Stlth    +.........             E - amulet of the acrobat
HPRegen  0.22/turn              q - +4 ring of evasion
MPRegen  0.08/turn              o - ring of protection from cold

@: flying
A: (nimble swimmer 2), mertail
a: Renounce Religion, Evoke Blink, Heroism


You were on level 7 of the Dungeon.
You worshipped Okawaru.
Okawaru was aware of your devotion.
You visited 2 branches of the dungeon, and saw 9 of its levels.

You collected 460 gold pieces.
You spent 103 gold pieces at shops.

Inventory:

Hand Weapons
 x - a +2 antimagic trident (weapon)
Missiles
 l - 4 throwing nets (quivered)
Armour
 b - a +2 cloak of preservation (worn)
 c - a +0 helmet (worn)
 B - the +0 ring mail of Aptyl (worn) {+Blink Fly rPois Dex+2}
   (You found it on level 5 of the Dungeon)

   Dex:       It affects your dexterity (+2).
   rPois:     It protects you from poison.
   Fly:       It grants you flight.
   +Blink:    It lets you blink.
 D - a +0 pair of boots (worn)
Jewellery
 o - a ring of protection from cold (right hand)
 q - a +4 ring of evasion (left hand)
 t - a ring of protection from cold
 A - a ring of positive energy
 E - an amulet of the acrobat (around neck)
Wands
 u - a wand of iceblast (14)
Scrolls
 e - a scroll of summoning {unknown}
 g - a scroll of noise
 h - a scroll of blinking
 i - a scroll of vulnerability
 j - 3 scrolls of teleportation {unknown}
 n - 2 scrolls of amnesia {unknown}
 p - 5 scrolls of identify
 s - 3 scrolls of magic mapping {unknown}
 w - a scroll of immolation {unknown}
 y - a scroll of enchant armour {unknown}
Potions
 a - a potion of magic {unknown}
 d - 4 potions of curing
 f - 7 potions of heal wounds
 k - a potion of berserk rage {unknown}
 m - a potion of might
 r - 3 potions of haste {unknown}
 v - 3 potions of flight {unknown}
 z - a potion of degeneration {unknown}
 C - a potion of lignification


   Skills:
 + Level 6.9 Fighting
 - Level 14.0 Polearms
 - Level 2.0 Throwing
 + Level 3.0 Armour
 + Level 8.8 Dodging
 + Level 3.9 Evocations


You had 9 spell levels left.
You didn't know any spells.
Your spell library contained the following spells:

 Spells                   Type           Power      Damage    Failure   Level
 Corpse Rot               Necr/Air       N/A        N/A       73%         2
 Conjure Flame            Conj/Fire      0%         6-21      91%         3
 Ignite Poison            Fire/Tmut/Pois 0%         N/A       91%         3
 Dispel Undead            Necr           0%         3d6       100%        4
 Sticky Flame             Conj/Fire      0%         2d3       100%        4
 Death Channel            Necr           0%         N/A       100%        6


Dungeon Overview and Level Annotations

Branches:
Dungeon (8/15)             Temple (1/1) D:7
   Lair: D:8-11

Altars:
Ashenzari
Cheibriados
Dithmenos
Elyvilon
Fedhas
Hepliaklqana
Kikubaaqudgha
Makhleb
Nemelex Xobeh
Okawaru
Qazlal
Ru
Sif Muna
Trog
Uskayaw
Wu Jian
Xom
Yredelemnul
Zin
The Shining One

Shops:
D:2 ([(?   D:6 !=(

Annotations:
D:8 Grum, Maurice


Innate Abilities, Weirdness & Mutations

((You are quick and stealthy near water. (Stealth+, EV+, Speed+++)))
Your lower body shifts to a powerful aquatic tail in water.


Message History

The kobold completely misses you.
The kobold brigand throws a poisoned dart.
The poisoned dart misses you. Grum misses you.
There is an escape hatch in the ceiling, spattered with blood here.
Things that are here:
a +0 short sword; 4 stones The wolf bites you.
* * * LOW HITPOINT WARNING * * *
The kobold completely misses you. The kobold barely misses you.
The wolf barely misses you. Grum barely misses you.
A mysterious force pulls you upwards. The hatch slams shut behind you.
You barely miss the kobold. The wolf closely misses you. The kobold misses you.
The kobold barely misses you.
You puncture the kobold!
You kill the kobold!
The wolf bites you!
* * * LOW HITPOINT WARNING * * *
The kobold hits you but does no damage. The wolf completely misses you.
You see here a +0 short sword.
The wolf bites you but does no damage.
You hit the wolf but do no damage. The wolf bites you but does no damage.
You puncture the wolf!
The wolf is heavily wounded.
The wolf misses you.
You hit the wolf.
The wolf is heavily wounded.
The wolf bites you.
* * * LOW HITPOINT WARNING * * *
You closely miss the wolf.
The wolf is heavily wounded.
The wolf bites you.
* * * LOW HITPOINT WARNING * * *
You closely miss the wolf.
The wolf is heavily wounded.
The wolf completely misses you.
You closely miss the wolf.
The wolf is heavily wounded.
The wolf bites you.
You die...

#..................##.####
############..........#
#..........<..####
#.############# #.# #.#
#.# #####.#### #.....Kh@##
#.###.##..# #.###'###.#
#.#.....#.# #.#.###.#.#
#.'.'>#.'.# ###.###[#.#
#.....#.# ###+###.#


You could see a wolf and a kobold.

Vanquished Creatures
  Erica (D:8)
  Joseph (D:7)
  A hornet (D:8)
  Sigmund (D:2)
  2 water moccasins
  2 hornet zombies
  An ice beast (D:6)
  A sky beast (D:6)
  A black bear (D:7)
  A necrophage (D:6)
  3 ogres
  A centaur (D:3)
  A phantom (D:6)
  2 bullfrogs (D:7)
  A gnoll sergeant (D:5)
  2 scorpions (D:5)
  A water moccasin skeleton (D:4)
  3 killer bees (D:7)
  A centaur zombie (D:5)
  2 jellies (D:6)
  2 hounds
  Crazy Yiuf (D:6)
  3 gnoll shamans
  An orc priest (D:7)
  4 orc wizards
  4 iguanas
  A killer bee zombie (D:4)
  18 gnolls
  A howler monkey skeleton (D:6)
  3 adders
  A white imp (D:8)
  2 ufetubi
  4 worms
  A dart slug (D:1)
  12 orcs
  5 bats
  5 endoplasms
  7 giant cockroaches
  5 goblins
  5 hobgoblins
  8 jackals
  17 kobolds
  4 quokkas
  6 ball pythons
  4 frilled lizards
  5 rats
158 creatures vanquished.

Notes
Turn   | Place    | Note
-------+----------+-------------------------------------------
     0 | D:1      | Naeght the Merfolk Gladiator began the quest for the Orb.
     0 | D:1      | Reached XP level 1. HP: 16/16 MP: 1/1
   201 | D:1      | Reached skill level 5 in Polearms
   201 | D:1      | Reached XP level 2. HP: 21/23 MP: 2/2
   232 | D:1      | Found a faded altar of an unknown god.
   233 | D:1      | Noticed a floating eye
   240 | D:1      | Noticed an eye of devastation
   240 | D:1      | Noticed an eye of devastation
   240 | D:1      | Noticed a golden eye
   457 | D:1      | Reached XP level 3. HP: 28/28 MP: 3/3
   573 | D:1      | Reached skill level 6 in Polearms
   803 | D:2      | Found Vywnaen's Magic Scroll Emporium.
   825 | D:2      | Bought a scroll of identify for 26 gold pieces
  1045 | D:2      | Found Uvoraom's Antique Weapon Boutique.
  1178 | D:2      | Found Naoxotwij's Antique Armour Shop.
  1219 | D:2      | Noticed Sigmund
  1253 | D:2      | HP: 1/28 [something/puff of flame (10)]
  1295 | D:2      | Found Saugo's Weapon Emporium.
  1781 | D:2      | Killed Sigmund
  1782 | D:2      | Reached skill level 9 in Polearms
  1782 | D:2      | Reached XP level 4. HP: 9/34 MP: 4/4
  1782 | D:2      | Reached XP level 5. HP: 10/39 MP: 5/5
  2223 | D:2      | Reached XP level 6. HP: 45/45 MP: 6/6
  2617 | D:3      | Found a basalt altar of Yredelemnul.
  3841 | D:4      | Reached skill level 10 in Polearms
  3841 | D:4      | Reached XP level 7. HP: 52/52 MP: 7/7
  4011 | D:4      | Reached skill level 5 in Dodging
  4937 | D:5      | Entered Level 5 of the Dungeon
  4937 | D:5      | Found a glowing silver altar of Zin.
  4937 | D:5      | Found a broken altar of Ashenzari.
  4962 | D:5      | Reached skill level 11 in Polearms
  4962 | D:5      | Reached XP level 8. HP: 59/60 MP: 8/8
  5942 | D:5      | Reached skill level 12 in Polearms
  5949 | D:5      | Reached skill level 5 in Fighting
  6101 | D:5      | Identified the +0 ring mail of Aptyl {+Blink Fly rPois
                  | Dex+2}
  6422 | D:6      | Reached skill level 1 in Evocations
  6720 | D:6      | Reached skill level 1 in Armour
  6761 | D:6      | Found Xuraalum's Distillery.
  6769 | D:6      | Bought a potion of might for 44 gold pieces
  6769 | D:6      | Bought a potion of lignification for 33 gold pieces
  6908 | D:6      | Found Mofywk's Jewellery Emporium.
  6961 | D:6      | Reached XP level 9. HP: 54/68 MP: 3/9
  7055 | D:6      | Found Kueborys's Weapon Emporium.
  7186 | D:6      | Found a runed translucent door.
  7187 | D:6      | Noticed Crazy Yiuf
  7371 | D:6      | Killed Crazy Yiuf
  7798 | D:7      | Reached skill level 13 in Polearms
  7912 | D:7      | Found an ancient bone altar of Kikubaaqudgha.
  8010 | D:7      | Found a staircase to the Ecumenical Temple.
  8016 | D:7      | Noticed Joseph
  8040 | D:7      | Killed Joseph
  8060 | Temple   | Entered the Ecumenical Temple
  8282 | Temple   | Became a worshipper of Warmaster Okawaru
  8905 | D:8      | Noticed Erica
  8919 | D:8      | Killed Erica
  8920 | D:8      | Reached skill level 14 in Polearms
  8920 | D:8      | Reached XP level 10. HP: 59/77 MP: 3/10
  9101 | D:8      | Reached * piety under Okawaru
  9525 | D:8      | Noticed Maurice
  9526 | D:8      | Noticed Grum
  9588 | D:7      | HP: 2/77 [wolf[Grum] (6)]
  9590 | D:7      | Slain by a wolf

Illustrated notes

Levels and vault maps discovered:
D:1:      nagdon_arrival_zigzag_paths, layout_basic,
          hellmonk_ecumenical_altar_watching_god, minmay_misc_feat_cross
D:2:      layout_basic, serial_shops, shop, nicolae_shop_stone, shop, shop,
          kennysheep_boxes, uniq_sigmund
D:3:      minmay_evil_eye, layout_loops_ring, mainiacjoe_overflow_tiny_flanked,
          minmay_quantized
D:4:      layout_gridville
D:5:      layout_basic, mainiacjoe_overflow_catwalk_spiral
D:6:      layout_loops_cross, serial_shops, shop, shop, shop,
          uniq_crazy_yiuf_cottage
D:7:      layout_basic, kiku_gazebo_garden_becter,
          minmay_temple_entry_glassed_door, uniq_joseph
D:8:      layout_cave_pods, uniq_maurice, uniq_erica, uniq_grum
Temple:   eino_temple_rhombus

Skill      XL: |  1  2  3  4  5  6  7  8  9 10 |
---------------+-------------------------------+-----
Polearms       | 5 9 10 11 12 14 | 14.0
Fighting       | 3 4 5 6 |  6.9
Dodging        | 5 7 8 |  8.8
Evocations     | 1 3 |  3.9
Armour         | 1 2 3 |  3.0
Throwing       | |  2.0

Action                   |  1- 3 |  4- 6 |  7- 9 | 10-12 || total
-------------------------+-------+-------+-------+-------++-------
Melee: Trident           |   142 |    94 |   439 |    94 ||   769
       Tailslap          |     2 |       |     1 |       ||     3
Throw: Throwing net      |     3 |       |       |       ||     3
  Use: Scroll            |     5 |       |       |       ||     5
       Potion            |     1 |       |       |       ||     1
 Stab: Sleeping          |     4 |     3 |       |       ||     7
Armor: Leather armour    |    17 |     8 |    18 |       ||    43
       Ring mail         |       |       |    22 |    24 ||    46
Dodge: Dodged            |    65 |    61 |   226 |   108 ||   460
